 Dungeon Crawl Stone Soup version 0.31-a0-1338-gb567cfdca4 (webtiles) character file.

Game seed: 15738112282221530078

356 bmb222 the Cudgeller (level 6, -2/63 HPs)
             Began as an Oni Gladiator on Dec 22, 2023.
             Was an Initiate of Hepliaklqana.
             Slain by a water moccasin (8 damage)
             ... on level 5 of the Dungeon.
             The game lasted 00:03:37 (3810 turns).

bmb222 the Cudgeller (Oni Gladiator)                Turns: 3810, Time: 00:03:37

Health: -2/63      AC:  3    Str: 19 (21) XL:     6   Next: 63%
Magic:  6/6        EV:  8    Int:  9      God:    Hepliaklqana [......]
Gold:   178        SH:  7    Dex:  9 (10) Spells: 5/5 levels left

rFire   . . .        a - +0 flail
rCold   . . .        i - +0 kite shield
rNeg    . . .        k - +0 robe {Will+}
rPois   .            c - +0 hat
rElec   .            (no cloak)
rCorr   .            (gloves unavailable)
SInv    .            (boots unavailable)
Will    +....        f - amulet of the acrobat
Stlth   +            (no ring)
HPRegen 0.30/turn    (no ring)
MPRegen 0.10/turn

%: acrobat
@: lethally poisoned (-2 -> -13), studying Staves
A: drunken brawling, large, unfitting armour, horns 1, tough skin 1, double
potion healing
a: Renounce Religion


You were on level 5 of the Dungeon.
You worshipped Hepliaklqana.
Hepliaklqana was noncommittal.
You visited 2 branches of the dungeon, and saw 6 of its levels.

You collected 178 gold pieces.

Inventory:

Hand Weapons
 a - a +0 flail (weapon)
Missiles
 d - 5 throwing nets (quivered)
 e - a large rock
Armour
 b - a +0 robe
 c - a +0 hat (worn)
 i - a +0 kite shield (worn)
 k - a +0 robe of willpower (worn)
Jewellery
 f - an amulet of the acrobat (around neck)
 n - an amulet of magic regeneration
Talismans
 h - a maw talisman
Wands
 q - a wand of digging (2)
Scrolls
 m - a scroll of butterflies
 o - a scroll of identify


   Skills:
 + Level 4.4 Fighting
 * Level 4.7 Maces & Flails
 - Level 3.2 Throwing
 - Level 3.4 Dodging
 + Level 2.5 Shields


You had 5 spell levels left.
You didn't know any spells.
Your spell library contained the following spells:

 Spells                   Type           Power      Damage    Failure   Level
 Jinxbite                 Hex            0%         N/A       85%         2
 Yara's Violent Unravell  Hex/Alch       0%         3d3       100%        5
 Enfeeble                 Hex            0%         N/A       100%        7


Dungeon Overview and Level Annotations

Branches:
Dungeon (5/15)             Temple (1/1) D:4

Altars:
Ashenzari
Elyvilon
Gozag
Hepliaklqana
Nemelex Xobeh
Ru
Sif Muna
Wu Jian
Xom
Zin
The Shining One


Innate Abilities, Weirdness & Mutations

Whenever you drink a potion that restores your health or magic, you attack all enemies around you.
You are too large for most types of armour.
You have a pair of small horns on your head.
You have tough skin. (AC +1)
Whenever you drink a potion that restores your health or magic, it restores twice as much.


Message History

The water moccasin bites you.
* * * LOW HITPOINT WARNING * * *
You miss the water moccasin.
The water moccasin is heavily wounded.
The water moccasin bites you!
* * * LOW HITPOINT WARNING * * *
You block the water moccasin's attack.
You hit the water moccasin.
The water moccasin is heavily wounded.
You block the water moccasin's attack. The water moccasin bites you!
* * * LOW HITPOINT WARNING * * *
You completely miss the water moccasin.
The water moccasin is heavily wounded.
The water moccasin bites you!
* * * LOW HITPOINT WARNING * * *
You closely miss the water moccasin. You headbutt the water moccasin.
The water moccasin is severely wounded.
The water moccasin barely misses you. The water moccasin bites you.
* * * LOW HITPOINT WARNING * * *
You miss the water moccasin.
Your headbutt misses the water moccasin.
The water moccasin is severely wounded.
The water moccasin bites you.
* * * LOW HITPOINT WARNING * * *
You are poisoned.
The water moccasin poisons you! You block the water moccasin's attack.
You completely miss the water moccasin.
The water moccasin is severely wounded.
You feel very sick. You block the water moccasin's attack.
The water moccasin bites you!
* * * LOW HITPOINT WARNING * * *
You take a swig of the potion and twirl your +0 flail.
You hit the water moccasin.
The water moccasin is severely wounded.
It was a potion of curing.
You savour every drop.
You feel better. The water moccasin bites you!
* * * LOW HITPOINT WARNING * * *
You are lethally poisoned!
The water moccasin poisons you! The water moccasin bites you!
You die...

.............
............
#......?...
#.........#
..........#
..#.......#
.........#
.......@<#
.###..S..#
####....
###[.# #.# ..
#.# .#


You could see a water moccasin.

Vanquished Creatures
  2 hounds (D:4)
  A jelly (D:4)
  An orc priest (D:4)
  Terence (D:3)
  Jessica (D:2)
  10 adders
  2 bombardier beetles (D:3)
  A worm (D:3)
  A dart slug (D:1)
  4 orcs (D:4)
  7 endoplasms
  7 giant cockroaches
  6 goblins
  13 hobgoblins
  A quokka (D:1)
  5 ball pythons
  2 bats
  3 frilled lizards
  6 kobolds
  3 rats
77 creatures vanquished.

Notes
Turn   | Place    | Note
-------+----------+-------------------------------------------
     0 | D:1      | bmb222 the Oni Gladiator began the quest for the Orb.
     0 | D:1      | Reached XP level 1. HP: 22/22 MP: 1/1
   153 | D:1      | Reached XP level 2. HP: 25/31 MP: 2/2
   373 | D:1      | Found a faded altar of an unknown god.
   613 | D:1      | Reached XP level 3. HP: 34/37 MP: 3/3
   901 | D:2      | Noticed Jessica
   909 | D:2      | Killed Jessica
   910 | D:2      | Reached XP level 4. HP: 31/45 MP: 4/4
  1130 | D:2      | Reached skill level 1 in Shields
  1225 | D:2      | You fall into a shaft and drop 1 floor!
  1290 | D:3      | Noticed Terence
  1301 | D:3      | Killed Terence
  1302 | D:3      | Reached XP level 5. HP: 15/54 MP: 5/5
  2102 | D:3      | Found a sparkling altar of Nemelex Xobeh.
  2694 | D:4      | Reached XP level 6. HP: 62/62 MP: 6/6
  3653 | D:4      | Found a staircase to the Ecumenical Temple.
  3660 | Temple   | Entered the Ecumenical Temple
  3709 | Temple   | Became a worshipper of Hepliaklqana the Forgotten
  3795 | D:5      | Entered Level 5 of the Dungeon
  3795 | D:5      | Noticed a water moccasin
  3809 | D:5      | HP: 3/63 [water moccasin (7)]
  3810 | D:5      | Slain by a water moccasin

Illustrated notes

Levels and vault maps discovered:
D:1:      ldierk_walled_garden, layout_basic, shapermc_ecumenical_altar_gd
D:2:      layout_loops_cross, uniq_jessica
D:3:      layout_loops_ring, mainiacjoe_overflow_24_doors,
          kennysheep_small_spiral, minivault_24, nrook_uturn,
          grunt_decor_resistance, uniq_terence
D:4:      layout_loops_ring, temple_doors_ab
D:5:      layout_cave_pods, minmay_fountain_box
Temple:   compressed_dpeg_circular_temple

Skill      XL: |  1  2  3  4  5 |
---------------+----------------+-----
Fighting       | 3 4 |  4.4
Dodging        | 3 |  3.4
Shields        | 1 2 |  2.5
Maces & Flails | 4 |  4.7
Throwing       | 3 |  3.2

Action                     |  1- 3 |  4- 6 || total
---------------------------+-------+-------++-------
  Melee: Flail             |    70 |   207 ||   277
         Headbutt          |     8 |    29 ||    37
         Punch             |     1 |       ||     1
    Use: Potion            |       |     9 ||     9
         Scroll            |       |     2 ||     2
   Stab: Sleeping          |       |     1 ||     1
 Armour: Robe              |    36 |   117 ||   153
         Skin              |       |     7 ||     7
  Dodge: Dodged            |    40 |   102 ||   142
  Block: Kite shield       |    11 |    82 ||    93

Table legend: (Time is in decaauts)
 A = Elapsed time spent in this place.
 B = Non-inter-level travel time spent in this place.
 C = Inter-level travel time spent in this place.
 D = Time resting spent in this place.
 E = Time spent auto-exploring this place.
 F = Levels seen in this place.
 G = Mean time per level.
                   A        B        C        D        E       F      G
               +--------+--------+--------+--------+--------+-----+--------+
         Total |   3899 |   3760 |    139 |    288 |   2689 |   6 |  649.8 |
       Dungeon |   3832 |   3693 |    139 |    288 |   2689 |   5 |  766.4 |
        Temple |     66 |     66 |      0 |      0 |      0 |   1 |   66.0 |
               +--------+--------+--------+--------+--------+-----+--------+

Top non-repeatable levels by time:
     D:4: 1301 daAuts
     D:3: 1262 daAuts
     D:1: 810 daAuts
     D:2: 438 daAuts
  Temple: 66 daAuts
     D:5: 18 daAuts
